 Dungeon Crawl Stone Soup version 0.25-a0-294-gea9b1ad378 (webtiles) character file.

Game seed: 15846332639092291149, levelgen mode: classic

877 Borgoz the Slasher (level 8, -27/48 HPs)
             Began as a Gargoyle Gladiator on Dec 20, 2019.
             Was an Initiate of Okawaru.
             Annihilated by a white ugly thing (33 damage)
             ... on level 6 of the Dungeon.
             The game lasted 00:08:22 (5081 turns).

Borgoz the Slasher (Gargoyle Gladiator)             Turns: 5081, Time: 00:08:22

Health: -27/48     AC: 12    Str: 19    XL:     8   Next: 4%
Magic:  8/8        EV: 14    Int:  8    God:    Okawaru [......]
Gold:   255        SH:  3    Dex: 13    Spells: 7/7 levels left

rFire    . . .     SeeInvis .   a - +0 long sword
rCold    . . .     Gourm    .   (no shield)
rNeg     + . .     Faith    .   b - +0 leather armour
rPois    ∞         Spirit   .   c - +0 helmet
rElec    +         Reflect  +   (no cloak)
rCorr    .         Harm     .   q - +0 pair of gloves
MR       .....                  w - +0 pair of boots
Stlth    +.........             l - +3 amulet of reflection
HPRegen  0.16/turn              (no ring)
MPRegen  0.11/turn              (no ring)

@: no status effects
A: negative energy resistance 1, electricity resistance, unbreathing,
petrification resistance, rot immunity, AC +5
a: Renounce Religion


You were on level 6 of the Dungeon.
You worshipped Okawaru.
Okawaru was noncommittal.
You were hungry.

You visited 1 branch of the dungeon, and saw 7 of its levels.
You also visited: Sewer.

You collected 255 gold pieces.

Inventory:

Hand Weapons
 a - a +0 long sword (weapon)
Missiles
 d - a throwing net (quivered)
Armour
 b - a +0 leather armour (worn)
 c - a +0 helmet (worn)
 q - a +0 pair of gloves (worn)
 w - a +0 pair of boots (worn)
Jewellery
 g - an uncursed ring of ice
 h - an uncursed ring of fire
 l - a +3 amulet of reflection (around neck)
Wands
 o - a wand of clouds (4)
 u - a wand of digging (13)
 y - a wand of disintegration (13)
Scrolls
 e - a scroll of amnesia {unknown}
 i - 5 scrolls of enchant armour {unknown}
 m - a scroll of random uselessness {unknown}
 n - a scroll of magic mapping
 r - 2 scrolls of blinking
 v - 3 scrolls of identify
Potions
 j - 2 potions of lignification
 k - 3 potions of haste
 p - a potion of heal wounds
 s - a potion of curing {unknown}
 t - 2 potions of brilliance
Comestibles
 f - 11 rations


   Skills:
 + Level 4.0 Fighting
 + Level 5.1 Long Blades
 - Level 1.7 Throwing
 + Level 4.9 Armour
 + Level 4.6 Dodging


You had 7 spell levels left.
You didn't know any spells.
Your spell library was empty.

Dungeon Overview and Level Annotations

Branches:
Dungeon (7/15)              Sewer (visited)
 Temple: D:4-7

Altars:
Okawaru
Qazlal

Annotations:
D:3 Grinder, Sigmund


Innate Abilities, Weirdness & Mutations

You are resistant to torment.
Your stone body is resilient. (AC +5)
You are immune to poison.
You resist negative energy. (rN+)
You are resistant to electric shocks. (rElec)
You can survive without breathing.
You are immune to petrification.
You are immune to rotting.


Message History

The white ugly thing is moderately wounded.
The white ugly thing struggles against the net.
You strike the helpless white ugly thing from behind!
You hit the white ugly thing.
The white ugly thing is moderately wounded.
The jelly jiggles.
The white ugly thing struggles against the net.
The net rips apart, and the white ugly thing comes free!
You slash the white ugly thing!
The white ugly thing is moderately wounded.
The white ugly thing closely misses you.
You slash the white ugly thing!
The white ugly thing is heavily wounded.
The white ugly thing headbutts you. The white ugly thing freezes you!
* * * LOW HITPOINT WARNING * * *
The white ugly thing headbutts you.
* * * LOW HITPOINT WARNING * * *
The white ugly thing freezes you!!
Ouch! That really hurt!
You die... #######..# #. .# ##.# ..# .. .# #.. ... .. #.# ##. ##.##. ..## . ..g#. $..# # gag

.#.###
#u###......
J##.@.?$#
........#.######
[.#.#..........#
# #.#........#
#..........#
...#........# #
#.##........##.#
...
#........'..# ..
..........####


You could see a white ugly thing, a worker ant and 3 gnolls.

Vanquished Creatures
  A big kobold (Sewer)
  A scorpion (D:5)
  A howler monkey (D:4)
  2 hounds
  6 orc wizards
  2 centaur skeletons (D:5)
  Ijyb (D:4)
  4 worker ants
  A worker ant zombie (D:5)
  10 gnolls
  7 adders
  A river rat (Sewer)
  3 oozes
  5 worms
  A dart slug (D:2)
  A leopard gecko (D:4)
  9 orcs
  2 giant cockroaches
  14 goblins
  10 hobgoblins
  3 jackals (D:5)
  3 quokkas
  5 ball pythons
  7 bats
  5 frilled lizards
  A jackal skeleton (D:5)
  15 kobolds
  11 rats
132 creatures vanquished.

Notes
Turn   | Place    | Note
-------+----------+-------------------------------------------
     0 | D:1      | Borgoz the Gargoyle Gladiator began the quest for the Orb.
     0 | D:1      | Reached XP level 1. HP: 12/12 MP: 1/1
   139 | D:1      | Reached XP level 2. HP: 13/17 MP: 2/2
   198 | D:1      | Reached skill level 1 in Armour
   206 | D:1      | Reached skill level 3 in Long Blades
   349 | D:1      | Reached XP level 3. HP: 20/21 MP: 3/3
  1213 | D:2      | Found a stormy altar of Qazlal.
  1266 | D:2      | Reached XP level 4. HP: 18/26 MP: 4/4
  1841 | D:3      | Noticed Sigmund
  1955 | D:3      | Reached XP level 5. HP: 18/30 MP: 5/5
  1982 | D:3      | Reached skill level 4 in Long Blades
  1982 | D:3      | Reached XP level 6. HP: 31/35 MP: 6/6
  2257 | D:3      | Noticed Grinder
  2699 | D:4      | Found a glowing drain.
  2703 | Sewer    | Entered a sewer
  3142 | D:4      | Noticed Ijyb
  3150 | D:4      | Reached XP level 7. HP: 40/41 MP: 7/7
  3163 | D:4      | Killed Ijyb
  3192 | D:4      | Found an iron altar of Okawaru.
  3200 | D:4      | Became a worshipper of Warmaster Okawaru
  3375 | D:4      | You fall into a shaft and drop 3 floors!
  3553 | D:5      | Entered Level 5 of the Dungeon
  4202 | D:4      | Reached skill level 5 in Long Blades
  4685 | D:5      | Reached XP level 8. HP: 44/48 MP: 8/8
  5069 | D:6      | Noticed a white ugly thing
  5081 | D:6      | Annihilated by a white ugly thing

Levels and vault maps discovered:
D:1:      dpeg_arrival_morbid_curiosity, layout_basic,
          minmay_misc_feat_nine_boxes, minmay_large_rounded_square
D:2:      layout_rooms, serial_forest, infiniplex_forest_straight_3,
          infiniplex_forest_clump_curved, infiniplex_forest_lined_room_2,
          infiniplex_forest_lined_corner, infiniplex_forest_clump_C,
          grunt_qazlal_clouds
D:3:      layout_rooms, grunt_temple_overflow_open, uniq_grinder, uniq_sigmund
D:4:      layout_basic, gup_sewer_entry_bowl, first_ration, minmay_crystal_room,
          okawaru_altar_gauntlet_db, uniq_ijyb
D:5:      layout_loops_corners, grunt_ministairs_15
D:6:      layout_basic, chequers_serial_rivers_micro_a, roderic_batcave,
          minmay_fractal_squares_5
D:7:      kennysheep_seaside_town, layout_cave_pools,
          minmay_temple_entry_statues_fountains, gammafunk_ghost_necromancy,
          serial_shops, shop

Skill      XL: |  1  2  3  4  5  6  7 |
---------------+----------------------+-----
Armour         | 1 2 3 4 |  4.9
Long Blades    | 3 4 5 |  5.1
Dodging        | 3 4 |  4.6
Fighting       | 3 4 |  4.0
Throwing       | |  1.7

Action                   |  1- 3 |  4- 6 |  7- 9 || total
-------------------------+-------+-------+-------++-------
Melee: Long sword        |   108 |   230 |   142 ||   480
Throw: Throwing net      |       |       |     2 ||     2
  Use: Scroll            |       |     7 |       ||     7
       Potion            |       |     4 |       ||     4
 Stab: Sleeping          |     1 |       |     1 ||     2
       Held in net/web   |       |       |     1 ||     1
  Eat: Chunk             |     1 |     7 |     6 ||    14
Armor: Leather armour    |    68 |    67 |    51 ||   186
Dodge: Dodged            |   102 |   170 |   113 ||   385
Block: Other             |       |    35 |    13 ||    48
       Reflection        |       |     1 |     2 ||     3
       Rpst.: Long sword |    30 |    54 |    32 ||   116

Table legend:
 A = Non-vault XP
 B = Vault XP
 C = Vault XP percentage of total XP
 D = Non-vault monster count
 E = Vault monster count
 F = Vault count percentage of total count
                 A         B        C        D         E       F
            +---------+---------+-------+---------+---------+-------
      Total |     880 |     374 |  29.8 |      95 |      37 |  28.0
            +---------+---------+-------+---------+---------+-------
        D:1 |      39 |       9 |  18.8 |      25 |       5 |  16.7
        D:2 |     122 |       0 |   0.0 |      28 |       0 |   0.0
        D:3 |     196 |       0 |   0.0 |      16 |       0 |   0.0
        D:4 |     184 |      75 |  29.0 |       9 |       9 |  50.0
        D:5 |     249 |      83 |  25.0 |      13 |       3 |  18.8
        D:6 |      46 |      39 |  45.9 |       2 |       2 |  50.0
        D:7 |      44 |       0 |   0.0 |       2 |       0 |   0.0
      Sewer |       0 |     168 | 100.0 |       0 |      18 | 100.0
            +---------+---------+-------+---------+---------+-------
